 Dungeon Crawl Stone Soup version 0.13.0-27-gc65393c (webtiles) character file.

456 M4edhros the Covert (level 6, -9/39 HPs)
             Began as an Octopode Artificer on Nov 2, 2013.
             Killed by divine providence
             ... invoked by an orc priest
              (12 damage)
             ... on Level 4 of the Dungeon.
             The game lasted 00:02:59 (2035 turns).

M4edhros the Covert (Octopode Artificer)            Turns: 2035, Time: 00:02:59

HP  -9/39        AC  1     Str 10      XL: 6   Next: 48%
MP   9/9         EV 12     Int 17      God:
Gold 132         SH  0     Dex 12      Spells:  0 memorised,  5 levels left

Res.Fire  : . . .   See Invis. : .   i - +2 elf whip (freeze)
Res.Cold  : . . .   Warding    : .   (no shield)
Life Prot.: . . .   Conserve   : .   (helmet restricted)
Res.Poison: .       Res.Corr.  : .   (no amulet)
Res.Elec. : .       Clarity    : .   k - ring of wizardry
Sust.Abil.: . .     Spirit.Shd : .   (no ring)
Res.Mut.  : .       Stasis     : .   (no ring)
Res.Rott. : .       Flight     : .   (no ring)
Saprovore : . . .                    (no ring)
                                     (no ring)
                                     (no ring)
                                     (no ring)

@: slightly resistant to hostile enchantments, extremely stealthy
A: almost no armour, amphibious, 8 rings, constrict 8, camouflage 1, AC +1
a: no special abilities


You were on level 4 of the Dungeon.
You were not hungry.

You visited 1 branch of the dungeon, and saw 4 of its levels.

You collected 112 gold pieces.

Inventory:

Hand weapons
 a - a +0,+0 short sword
 i - a +2,+2 elven whip of freezing (weapon)
Magical devices
 b - a wand of flame (12)
 c - a wand of enslavement (11)
 d - a wand of random effects (11)
Comestibles
 f - 2 bread rations
 h - a pear
Scrolls
 e - a scroll of blinking {unknown}
 g - 2 scrolls of remove curse {unknown}
 j - a scroll of noise {unknown}
 l - a scroll of random uselessness {unknown}
 m - 2 scrolls of teleportation {unknown}
 n - 5 scrolls of identify {unknown}
 o - 3 scrolls of amnesia {unknown}
 t - a scroll of enchant armour {unknown}
Jewellery
 k - a ring of wizardry (left tentacle)
Potions
 q - 2 potions of berserk rage {unknown}
 r - a potion of speed {unknown}
 s - a potion of decay {unknown}
 u - a potion of invisibility {unknown}


   Skills:
 - Level 1.0 Fighting
 - Level 1.0 Short Blades
 - Level 2.0 Dodging
 + Level 9.2 Stealth
 - Level 3.2 Evocations


You had 5 spell levels left.
You didn't know any spells.

Dungeon Overview and Level Annotations

Branches:
Dungeon (4/27)
 Temple: D:4-7

Altars:
Trog


Innate Abilities, Weirdness & Mutations

You cannot wear most types of armour.
You are amphibious.
You can wear up to eight rings at the same time.
You can use your tentacles to constrict many enemies at once.
Your skin changes colour to match your surroundings (Stlth).
Your rubbery body absorbs attacks (AC +1).


Message History

Zapping:
c - a wand of enslavement (12)
Press: ? - help, Shift-Dir - straight line, f - orc priest
Aim: an orc priest, wielding an orcish flail The orc priest is charmed.
This wand has 11 charges left.
What do you say? t - Shout!
Orders for allies: a - Attack new target. p - Attack previous target. r - Retreat! s - Stop attacking. w - Wait here. f - Follow me.
Anything else - Stay silent.
Gang up on whom?
Press: ? - help, Dir - move target cursor, f - orc priest, p - orc priest
Aim: an orc priest, wielding an orcish hand axe Attack!
Your orc priest barely misses the orc priest.
The orc priest calls down the wrath of Beogh upon you.
Your orc priest convulses in agony!
The orc priest invokes the aid of Beogh against you.
Something smites you!
You die...

#..# ######### .#..#
......... #..#..#
......... #..#.o#
......... #..#.o#
#######. #..#.o# #.
#..#.o# . #. #..#..#
...#########.
#..##@#...............
#.....................
#..##'#######.........
#..#........#..<......
#...........#.........
#...........#.........
##.#.#.......#.....####
#............#.....#
#..#.#.......#.....#


You could see 2 orc priests, an orc and a friendly orc priest.

Vanquished Creatures
  An ogre (D:4)
  An orc priest (D:4)
  2 orc wizards (D:4)
  A worker ant (D:4)
  5 adders
  A giant eyeball (D:4)
  12 orcs (D:4)
  4 bats
  8 goblins
  4 hobgoblins
  2 quokkas
  5 giant cockroaches
  A giant gecko (D:1)
  2 giant newts
  5 kobolds
  A quokka skeleton (D:4)
  5 rats
60 creatures vanquished.

Vanquished Creatures (collateral kills)
  2 killer bees (D:3)
  A ball python (D:3)
3 creatures vanquished.

Grand Total: 63 creatures vanquished

Notes
Turn   | Place    | Note
--------------------------------------------------------------
     0 | D:1      | M4edhros, the Octopode Artificer, began the quest for the Orb.
     0 | D:1      | Reached XP level 1. HP: 14/14 MP: 1/1
   311 | D:1      | Reached XP level 2. HP: 17/19 MP: 3/3
   637 | D:2      | Reached skill level 4 in Stealth
   641 | D:2      | Reached XP level 3. HP: 13/24 MP: 4/4
  1042 | D:2      | You fall through a shaft!
  1141 | D:3      | Reached skill level 5 in Stealth
  1188 | D:3      | Reached XP level 4. HP: 27/29 MP: 6/6
  1277 | D:3      | Reached skill level 6 in Stealth
  1420 | D:4      | Noticed an ogre
  1422 | D:4      | Reached XP level 5. HP: 12/34 MP: 7/7
  1423 | D:4      | Reached skill level 7 in Stealth
  1430 | D:4      | Killed an ogre
  1430 | D:4      | Reached skill level 8 in Stealth
  1430 | D:4      | Reached XP level 6. HP: 14/39 MP: 9/9
  1625 | D:4      | Found a bloodstained altar of Trog.
  1786 | D:4      | Reached skill level 9 in Stealth
  2035 | D:4      | Killed from afar by an orc priest

Action                   |  1- 3 |  4- 6 || total
-------------------------+-------+-------++-------
Melee: Short sword       |    35 |       ||    35
       Whip              |    27 |    56 ||    83
Evoke: Wand              |     1 |    10 ||    11
  Use: Potion            |     1 |     1 ||     2
 Stab: Sleeping          |     7 |     8 ||    15
       Distracted        |       |     1 ||     1
